 Dungeon Crawl Stone Soup version 0.25.0-1-g7eea58d2a3 (webtiles) character file.

Game seed: 6209594885132752105

6195 dorian the Fighter (level 10, -12/172 HPs)
             Began as an Ogre Hunter on June 14, 2020.
             Was a High Priest of Okawaru.
             Mangled by a wraith (13 damage)
             ... led by Josephine
             ... on level 10 of the Dungeon.
             The game lasted 00:25:14 (13360 turns).

dorian the Fighter (Ogre Hunter)                   Turns: 13360, Time: 00:25:15

Health: -12/172    AC:  4    Str: 25    XL:     10   Next: 91%
Magic:  10/10      EV:  9    Int: 12    God:    Okawaru [*****.]
Gold:   508        SH:  0    Dex: 11    Spells: 9/9 levels left

rFire    . . .     SeeInvis .   x - +7 war axe (elec)
rCold    . . .     Gourm    .   (no shield)
rNeg     . . .     Faith    .   b - +1 robe
rPois    .         Spirit   .   (helmet restricted)
rElec    .         Reflect  .   (no cloak)
rCorr    +         Harm     .   (gloves unavailable)
MR       +....                  (boots unavailable)
Stlth    ..........             (no amulet)
HPRegen  0.38/turn              o - +6 ring of strength
MPRegen  0.12/turn              A - ring of resist corrosion

@: berserking (expiring), slowed, drained
A: large, unfitting armour, tough skin 1
a: Heroism, Finesse, Renounce Religion


You were on level 10 of the Dungeon.
You worshipped Okawaru.
Okawaru was extremely pleased with you.
You were not hungry.

You visited 2 branches of the dungeon, and saw 11 of its levels.

You collected 508 gold pieces.

Inventory:

Hand Weapons
 x - a +7 war axe of electrocution (weapon)
 E - a +2 mace of draining
 G - the +7 long sword of Vuzixot {holy, MR+}
   (You found it on level 9 of the Dungeon)

   It has been blessed by the Shining One to cause great damage to the undead
   and demons.
   It affects your resistance to hostile enchantments.
 J - a +2 dire flail of distortion
Missiles
 v - 127 stones (quivered)
 F - 4 boomerangs
Armour
 b - a +1 robe (worn)
Jewellery
 o - a +6 ring of strength (left hand)
 w - an uncursed ring of stealth
 A - a ring of resist corrosion (right hand)
Wands
 i - a wand of enslavement (10)
 q - a wand of random effects (13)
 B - a wand of flame (23)
 D - a wand of acid (14)
Scrolls
 d - 3 scrolls of fog
 h - a scroll of identify
 k - 7 scrolls of remove curse
 p - 3 scrolls of enchant armour
 t - 2 scrolls of amnesia
 K - a scroll of immolation
Potions
 a - 3 potions of lignification
 c - a potion of might
 e - 4 potions of cancellation
 g - a potion of magic
 j - 2 potions of stabbing
 m - a potion of invisibility
 r - 3 potions of curing
 s - a potion of flight
 z - a potion of resistance
 C - a potion of brilliance {unknown}
Miscellaneous
 I - a tin of tremorstones (3/3)
Comestibles
 f - 19 rations
 H - 2 chunks of flesh


   Skills:
 + Level 11.9(11.1) Fighting
   Level 3.7(3.1) Short Blades
 + Level 8.5(7.8) Axes
 + Level 10.1(9.3) Throwing
 - Level 1.7(1.1) Dodging
 - Level 0.6(0.0) Stealth


You had 9 spell levels left.
You didn't know any spells.
Your spell library contained the following spells:

 Spells                   Type           Power        Failure   Level  Hunger
 Summon Small Mammal      Summ           #...         32%         1    ##.....
 Call Imp                 Summ           #.......     45%         2    ###....
 Call Canine Familiar     Summ           #.......     69%         3    ####...
 Summon Guardian Golem    Hex/Summ       #.......     69%         3    ####...
 Summon Ice Beast         Ice/Summ       #.......     97%         4    #####..
 Summon Lightning Spire   Summ/Air       #.......     97%         4    #####..


Dungeon Overview and Level Annotations

Branches:
Dungeon (10/15)            Temple (1/1) D:5            Lair (0/6) D:9
    Orc: D:9-12

Altars:
Dithmenos
Gozag
Hepliaklqana
Kikubaaqudgha
Okawaru
Qazlal
Trog
Xom

Shops:
D:7 %   D:8 *

Annotations:
D:3 1 runed translucent door, Raspi's ghost, amateur GrFi


Innate Abilities, Weirdness & Mutations

You are too large for most types of armour.
You have tough skin. (AC +1)


Message History

The wraith closely misses you.
Unknown command.
You slash the killer bee!
Lightning courses through the killer bee!
You kill the killer bee!
Okawaru accepts your kill.
You barely miss the wraith. The wraith barely misses you.
You hit the wraith. Lightning courses through the wraith!!
The wraith is almost destroyed.
The wraith hits you!
* * * LOW HITPOINT WARNING * * *
Unknown command.
You are too berserk!
You are too berserk!
You are too berserk!
You slash the wraith! Lightning courses through the wraith!
You destroy the wraith!
Okawaru accepts your kill. The wraith hits you!
You die...

# #.##.###.##...###.# .
#.## # #.##..## #.# #.
#.# #.##.## #.# # #(
#.# #.##.# #.# #.##.#
#.# #.##.#####.#
....)##.# #.##.##....##
#.(##.# #.##.##.###..
#.....######.##.##.#
#.#
#....WW@†....[#.##.#
#.#
##..#########.#.##.#
#.# #..# #....##.# #.#
#..# ###....##.###.#
#..# ##.......#...#.#
#..# #..........#...#
#..#####........#...###
#.............###..####
##.##.#####...# #..<...


You could see 2 wraiths.

Vanquished Creatures
  Josephine (D:10)
  A gargoyle (D:8)
  A troll (D:9)
  A queen bee (D:10)
  A hippogriff (D:10)
  4 wraiths (D:10)
  2 wyverns (D:8)
  A steam dragon (D:10)
  A water moccasin (D:7)
  2 ice beasts
  An orc warrior (D:8)
  2 phantoms
  2 sky beasts
  5 ogres
  A big kobold (D:8)
  2 bullfrogs
  A scorpion (D:4)
  A water moccasin skeleton (D:9)
  14 killer bees (D:10)
  7 wights
  A howler monkey (D:5)
  A jelly (D:9)
  An electric eel (D:9)
  5 crimson imps
  4 hounds
  A bullfrog skeleton (D:4)
  An orc priest (D:6)
  A gnoll shaman (D:10)
  3 orc wizards
  A centaur skeleton (D:8)
  2 iguanas
  4 worker ants
  A hound zombie (D:8)
  2 hound skeletons
  11 gnolls
  17 adders
  2 shadow imps
  An ooze (D:3)
  2 adder zombies (D:7)
  2 worms
  A dart slug (D:3)
  5 leopard geckos
  14 orcs
  A ball python (D:3)
  8 giant cockroaches
  12 goblins
  11 hobgoblins
  15 jackals
  6 quokkas
  5 bats
  4 frilled lizards
  A jackal zombie (D:7)
  9 kobolds
  2 leopard gecko skeletons
  A leopard gecko zombie (D:5)
  14 rats
223 creatures vanquished.

Notes
Turn   | Place    | Note
-------+----------+-------------------------------------------
     0 | D:1      | dorian the Ogre Hunter began the quest for the Orb.
     0 | D:1      | Reached XP level 1. HP: 22/22 MP: 1/1
   271 | D:1      | Reached XP level 2. HP: 25/29 MP: 2/2
   976 | D:1      | Reached XP level 3. HP: 36/36 MP: 3/3
  1192 | D:2      | Reached skill level 3 in Fighting
  1757 | D:2      | Reached skill level 5 in Throwing
  1925 | D:2      | Reached skill level 1 in Short Blades
  1925 | D:2      | Reached XP level 4. HP: 31/45 MP: 4/4
  2862 | D:2      | Reached XP level 5. HP: 37/54 MP: 5/5
  3131 | D:2      | Reached skill level 4 in Fighting
  3602 | D:3      | You fall into a shaft and drop 3 floors!
  3824 | D:6      | Reached XP level 6. HP: 41/63 MP: 6/6
  3954 | D:5      | Entered Level 5 of the Dungeon
  3977 | D:5      | Found an ancient bone altar of Kikubaaqudgha.
  4239 | D:5      | Found a staircase to the Ecumenical Temple.
  4248 | Temple   | Entered the Ecumenical Temple
  4256 | Temple   | Became a worshipper of Warmaster Okawaru
  4312 | D:5      | Found a bloodstained altar of Trog.
  4572 | D:5      | Reached skill level 5 in Fighting
  4975 | D:4      | Found an iron altar of Okawaru.
  4985 | D:4      | Reached XP level 7. HP: 56/72 MP: 7/7
  5143 | D:4      | Got a transparent hand axe
  5144 | D:4      | Identified the cursed +1 hand axe of Recklessness {holy,
                  | rPois rF- SInv Stlth+} (You found it on level 4 of the
                  | Dungeon)
  5772 | D:3      | Found a runed translucent door.
  5853 | D:3      | Found a faded altar of an unknown god.
  6220 | D:3      | Noticed Raspi's ghost (amateur GrFi)
  6265 | D:4      | Reached skill level 1 in Axes
  7014 | D:5      | Reached skill level 6 in Fighting
  7019 | D:5      | Reached * piety under Okawaru
  7460 | D:6      | Reached XP level 8. HP: 66/84 MP: 8/8
  7856 | D:7      | Reached skill level 7 in Fighting
  7906 | D:7      | Found Uprith's Food Emporium.
  7933 | D:7      | Reached ** piety under Okawaru
  8814 | D:7      | Found a stormy altar of Qazlal.
  8870 | D:7      | Found an opulent altar of Gozag.
  9229 | D:8      | Noticed a gargoyle
  9241 | D:8      | Reached skill level 8 in Fighting
  9243 | D:8      | Killed a gargoyle
  9243 | D:8      | Reached skill level 5 in Axes
  9243 | D:8      | Reached XP level 9. HP: 45/97 MP: 9/9
  9680 | D:8      | Reached skill level 9 in Fighting
  9729 | D:8      | Found a stormy altar of Qazlal.
  9932 | D:8      | Reached *** piety under Okawaru
 10122 | D:8      | Found Huotont's Assorted Antiques.
 10622 | D:9      | Noticed a troll
 10628 | D:9      | Killed a troll
 10628 | D:9      | Reached skill level 10 in Fighting
 10778 | D:9      | Found a staircase to the Lair.
 10965 | D:9      | Reached XP level 10. HP: 104/111 MP: 10/10
 11073 | D:9      | Reached **** piety under Okawaru
 11190 | D:9      | Got a twisted long sword
 11203 | D:9      | Identified the +7 long sword of Vuzixot {holy, MR+} (You
                  | found it on level 9 of the Dungeon)
 11286 | D:10     | Entered Level 10 of the Dungeon
 12275 | D:10     | Reached skill level 11 in Fighting
 13340 | D:10     | Noticed Josephine
 13355 | D:10     | Killed Josephine
 13355 | D:10     | Received a gift from Okawaru
 13355 | D:10     | Reached ***** piety under Okawaru
 13355 | D:10     | Reached skill level 10 in Throwing
 13359 | D:10     | HP: 1/172 [wraith[Josephine] (10)]
 13360 | D:10     | Mangled by a wraith

Illustrated notes

Levels and vault maps discovered:
D:1:      dpeg_arrival_solitude, layout_loops_ring, minmay_strange_pillars
D:2:      layout_basic, grunt_ministairs_11, kennysheep_decorative_pillar,
          patterned_corridor
D:3:      wad_crossroads, layout_basic, chequers_ecumenical_altar_lobes,
          ebering_ghost_reflecting_pool, minivault_4
D:4:      layout_basic, first_ration, okawaru_ov_weapons_minmay
D:5:      layout_basic, kiku_gazebo_pond_becter, overflow_temple_1_default,
          minmay_temple_entry_poolview
D:6:      layout_rooms
D:7:      layout_cave_pods, grunt_gozag_breadcrumbs, grunt_qazlal_clouds,
          serial_shops, shop
D:8:      layout_loops_cross, serial_shops, shop, basic_altar
D:9:      layout_basic, lair_entry_dummy, nrook_pool_corridor
D:10:     layout_loops_ring, david_nohive_1, minmay_guarded_unrand_finisher,
          uniq_josephine
Temple:   regret_index_temple_mists

Skill      XL: |  1  2  3  4  5  6  7  8  9 10 |
---------------+-------------------------------+-----
Fighting       | 3 4 5 6 8 10 11 | 11.9
Throwing       | 5 6 7 8 10 | 10.1
Short Blades   | 1 2 3 |  3.7
Axes           | 3 5 7 8 |  8.5
Dodging        | |  1.7
Stealth        | |  0.6

Action                   |  1- 3 |  4- 6 |  7- 9 | 10-12 || total
-------------------------+-------+-------+-------+-------++-------
Melee: Short sword       |   163 |   185 |       |       ||   348
       War axe           |       |    14 |   260 |    84 ||   358
Throw: Large rock        |    10 |    26 |     7 |     3 ||    46
       Throwing net      |     1 |     3 |       |       ||     4
       Stone             |       |     2 |       |       ||     2
       Boomerang         |       |       |    14 |    51 ||    65
  Use: Potion            |       |     2 |       |     2 ||     4
       Scroll            |       |       |    16 |     8 ||    24
 Stab: Sleeping          |       |       |     1 |       ||     1
       Distracted        |       |       |     1 |     1 ||     2
  Eat: Chunk             |     3 |    10 |    12 |     5 ||    30
       Ration            |       |       |     2 |     1 ||     3
Armor: Robe              |    52 |    51 |    73 |    17 ||   193
Dodge: Dodged            |    92 |   141 |   143 |    49 ||   425
